 Dungeon Sprint DCSS version 0.32-a0-928-g1cae6b7ea0 (webtiles) character file.

Game seed: 10591845618913108758

32 Griffin23 the Slasher (level 3, -4/36 HPs)
             Began as a Minotaur Berserker on Apr 12, 2024.
             Was an Elder of Trog.
             Slain by a gnoll
             ... wielding a +0 spear
             ... led by a gnoll sergeant
              (5 damage)
             ... in the Dungeon (Sprint VII: "The Pits").
             The game lasted 00:00:54 (292 turns).

Griffin23 the Slasher (Minotaur Berserker)           Turns: 292, Time: 00:00:54

Health: -4/36      AC:  2    Str: 23    XL:     3   Next: 10%
Magic:  2/2        EV: 11    Int:  4    God:    Trog [****..]
Gold:   0          SH:  0    Dex:  9    Spells: 2/2 levels left

rFire   . . .        a - +0 falchion
rCold   . . .        (no shield)
rNeg    . . .        b - +0 animal skin
rPois   .            (helmet restricted)
rElec   .            (no cloak)
rCorr   .            (no gloves)
SInv    .            (no boots)
Will    .....        (no amulet)
Stlth   +            (no ring)
HPRegen 0.26/turn    (no ring)
MPRegen 0.08/turn

%: no teleportation
@: on berserk cooldown, slowed, very slow
A: horns 2, retaliatory headbutt
a: Renounce Religion, Berserk, Trog's Hand, Brothers in Arms


You were in the Dungeon.
You worshipped Trog.
Trog was greatly pleased with you.
You visited 1 branch

Inventory:

Hand Weapons
 a - a +0 falchion (weapon)
Armour
 b - a +0 animal skin (worn)
Scrolls
 h - a scroll of blinking
Potions
 c - a potion of curing
 d - a potion of heal wounds
 e - a potion of haste
 f - 2 potions of magic
 g - a potion of berserk rage


   Skills:
 + Level 5.1 Fighting
 * Level 6.4 Long Blades
 + Level 4.4 Armour
 - Level 2.1 Dodging


You had 2 spell levels left.
You didn't know any spells.
Your spell library was empty.

Dungeon Overview and Level Annotations

Branches:
Dungeon (1/1)

Altars:


Innate Abilities, Weirdness & Mutations

You have a pair of horns on your head.
You reflexively headbutt those who attack you in melee.


Message History

The jackal bites you but does no damage.
You slash the jackal!
You kill the jackal!
Trog accepts your kill.
The gnoll hits you from afar with a +0 spear.
A gnoll sergeant comes into view. It is wielding a +0 spear.
You closely miss the jackal.
The gnoll sergeant shouts!
You headbutt the jackal.
You kill the jackal!
Trog accepts your kill.
You completely miss the jackal.
The gnoll hits you from afar with a +0 spear.
* * * LOW HITPOINT WARNING * * *
The jackal barely misses you.
You barely miss the jackal.
The gnoll hits you from afar with a +0 spear.
* * * LOW HITPOINT WARNING * * *
The jackal misses you.
You closely miss the jackal. The jackal closely misses you.
You slash the jackal!
You kill the jackal!
Trog accepts your kill.
You can now call in reinforcements.
A glass eye comes into view.
The gnoll hits you from afar with a +0 spear!
* * * LOW HITPOINT WARNING * * *
You feel a strong urge to attack something.
You are no longer berserk.
You are exhausted.
You feel yourself slow down.
There is an open door here.
You see here a rat corpse.
The gnoll attacks as it pursues you!
The gnoll hits you from afar with a +0 spear.
* * * LOW HITPOINT WARNING * * *
Which direction?
You close the door, pushing everything out of the way.
A gnoll opens the door.
The gnoll hits you from afar with a +0 spear.
You die...

##########+
#+##..........
+.##......#..#
##########.##..........
#...........'..........
#+#####'#####......#..#
#..#@)# #..........
#..'..# ####'#####+
#gg#### #.......# #..#
#.......# #..#
#.......# ##)#
#...<...# ... #.......#
#...G #.......# ######
#.......#


You could see a gnoll sergeant and a gnoll.

Vanquished Creatures
  2 gnolls (D)
  An adder skeleton (D)
  4 jackals (D)
  A quokka (D)
  A ball python (D)
  A ball python skeleton (D)
  A kobold (D)
  A rat (D)
12 creatures vanquished.

Notes
Turn   | Place    | Note
-------+----------+-------------------------------------------
     0 | D        | Griffin23 the Minotaur Berserker began the quest for the
                  | Orb.
     0 | D        | Reached XP level 1. HP: 19/19 MP: 0/0
    16 | D        | Reached skill level 4 in Long Blades
   207 | D        | Reached ** piety under Trog
   275 | D        | Reached skill level 5 in Long Blades
   275 | D        | Reached XP level 2. HP: 24/28 MP: 1/1
   275 | D        | Reached *** piety under Trog
   280 | D        | Reached skill level 5 in Fighting
   280 | D        | Reached skill level 6 in Long Blades
   280 | D        | Reached XP level 3. HP: 29/36 MP: 2/2
   282 | D        | Noticed a gnoll sergeant
   287 | D        | Reached **** piety under Trog
   287 | D        | Noticed a glass eye
   291 | D        | HP: 1/36 [gnoll/+0 spear[a gnoll sergeant] (4)]
   292 | D        | Slain by a gnoll

Illustrated notes

Levels and vault maps discovered:
D:        pitsprint [storerooms_1, entrance_room_1, metal_vault_1, armoury_1,
          mini_pit_1, grid_room_1, main_hall_1, silver_pit, the_coven_1,
          the_vestibule_1, steel_vault_4, golden_pit, hallway_of_sentries,
          crystal_vault_1, iron_vault_2, final_vault]

Skill      XL: |  1  2 |
---------------+-------+-----
Fighting       | 4 5 |  5.1
Long Blades    | 5 6 |  6.4
Armour         | 3 4 |  4.4
Dodging        | |  2.1

Action                     || total
---------------------------++-------
  Melee: Falchion          ||    29
         Headbutt          ||     3
 Invoke: Berserk           ||     3
 Armour: Animal skin       ||    23
  Dodge: Dodged            ||     9

Table legend: (Time is in decaauts)
 A = Elapsed time spent in this place.
 B = Non-inter-level travel time spent in this place.
 C = Inter-level travel time spent in this place.
 D = Time resting spent in this place.
 E = Time spent auto-exploring this place.
 F = Levels seen in this place.
 G = Mean time per level.
                   A        B        C        D        E       F      G
               +--------+--------+--------+--------+--------+-----+--------+
         Total |    306 |    306 |      0 |    202 |      0 |   1 |  306.0 |
       Dungeon |    306 |    306 |      0 |    202 |      0 |   1 |  306.0 |
               +--------+--------+--------+--------+--------+-----+--------+

Top non-repeatable levels by time:
       D: 306 daAuts
